 Dungeon Crawl Stone Soup version 0.28.0-53-g5a82cb258f (webtiles) character file.

Game seed: 15751339516013075952

336 Zeld the Magician (level 6, -3/32 HPs)
             Began as a Deep Elf Fire Elementalist on May 22, 2022.
             Slain by a wyvern skeleton (5 damage)
             ... on level 4 of the Dungeon.
             The game lasted 00:03:31 (4492 turns).

Zeld the Magician (Deep Elf Fire Elementalist)      Turns: 4492, Time: 00:03:31

Health: -3/32      AC:  3    Str:  5    XL:     6   Next: 28%
Magic:  8/16       EV: 13    Int: 22    God:
Gold:   136        SH:  0    Dex: 15    Spells: 2/15 levels left

rFire   . . .      SeeInvis .   (no weapon)
rCold   . . .      Faith    .   (no shield)
rNeg    . . .      Spirit   .   a - +0 robe
rPois   .          Reflect  .   (no helmet)
rElec   .          Harm     .   i - +0 cloak
rCorr   .          Rampage  .   (no gloves)
Will    .....                   (no boots)
Stlth   ++........              (no amulet)
HPRegen 0.10/turn               (no ring)
MPRegen 0.15/turn               (no ring)

@: no status effects
A: no striking features
a: no special abilities


You were on level 4 of the Dungeon.
You visited 1 branch of the dungeon, and saw 4 of its levels.

You collected 136 gold pieces.

Inventory:

Armour
 a - a +0 robe (worn)
 i - a +0 cloak (worn)
Jewellery
 n - a ring of flight
Wands
 k - a wand of iceblast (6)
Scrolls
 b - 2 scrolls of immolation {unknown}
 d - 2 scrolls of blinking {unknown}
 e - 2 scrolls of teleportation {unknown}
 g - a scroll of amnesia {unknown}
 h - 3 scrolls of enchant armour {unknown}
 l - a scroll of brand weapon {unknown}
 m - a scroll of enchant weapon {unknown}
Potions
 c - a potion of lignification {unknown}
 f - 2 potions of attraction {unknown}
 j - 2 potions of mutation {unknown}
 o - a potion of flight {unknown}
 q - a potion of haste {unknown}


   Skills:
 + Level 3.8 Dodging
 - Level 2.4 Stealth
 * Level 5.4 Spellcasting
 + Level 2.8 Conjurations
 + Level 2.3 Hexes
 * Level 5.0 Fire Magic


You had 2 spell levels left.
You knew the following spells:

 Your Spells              Type           Power      Damage    Failure   Level
a - Foxfire               Conj/Fire      92%        2x1d8     1%          1
b - Scorch                Fire           56%        2d7       1%          2
c - Inner Flame           Hex/Fire       22%        N/A       6%          3
e - Flame Wave            Conj/Fire      23%        2d7       19%         4
z - Mephitic Cloud        Conj/Pois/Air  10%        N/A       21%         3

Your spell library contained the following spells:

 Spells                   Type           Power      Damage    Failure   Level
 Magic Dart               Conj           72%        1d6       3%          1
 Call Imp                 Summ           5%         N/A       14%         2
 Sublimation of Blood     Necr           5%         N/A       14%         2
 Conjure Flame            Conj/Fire      23%        6-21      6%          3
 Petrify                  Tmut/Erth      5%         N/A       67%         4
 Irradiate                Conj/Tmut      6%         3d15      83%         5


Dungeon Overview and Level Annotations

Branches:
Dungeon (4/15)
 Temple: D:4-7

Altars:
Ashenzari
Dithmenos
Fedhas
Gozag
Hepliaklqana
Makhleb
Qazlal
Uskayaw
Wu Jian
The Shining One


Message History

A wyvern skeleton comes into view.
A wyvern skeleton is nearby!
A wyvern skeleton is nearby!
An adder comes into view.
The adder hisses angrily.
You hit the wyvern skeleton.
The wyvern skeleton is lightly damaged.
The wyvern skeleton bites you.
The wyvern skeleton bites you but does no damage.
You hit the wyvern skeleton.
The wyvern skeleton is lightly damaged.
The wyvern skeleton bites you!
Casting: Scorch (safe; 1% risk of failure)
Confirm with . or Enter, or press ? or * to list all spells.
Flames lash the adder.
You kill the adder!
The wyvern skeleton bites you!
* * * LOW HITPOINT WARNING * * *
A wyvern skeleton is nearby!
Casting: Scorch (safe; 1% risk of failure)
Confirm with . or Enter, or press ? or * to list all spells.
Flames lash the wyvern skeleton.
The wyvern skeleton is moderately damaged.
The wyvern skeleton's fire resistance burns away.
The wyvern skeleton bites you.
* * * LOW HITPOINT WARNING * * *
The wyvern skeleton misses you.
Casting: Scorch (safe; 1% risk of failure)
Confirm with . or Enter, or press ? or * to list all spells.
Flames lash the wyvern skeleton.
The wyvern skeleton is burned terribly!
The wyvern skeleton is heavily damaged.
The wyvern skeleton bites you but does no damage.
Unknown command.
Unknown command.
Casting: Scorch (safe; 1% risk of failure)
Confirm with . or Enter, or press ? or * to list all spells.
Flames lash the wyvern skeleton.
The wyvern skeleton is burned terribly!
The wyvern skeleton is severely damaged.
The wyvern skeleton bites you.
You die...

#...####### ##.## .
######.####### ..
###............#
...#........#####.#
#.....####.#
.#.....## #.#
......$.###.#
.....†Z@....#
........#####
.#.....## ##....
....#. .#####. #.
##


You could see a wyvern skeleton (combustible).

Vanquished Creatures
  Sigmund (D:2)
  A hound (D:2)
  An orc wizard (D:3)
  3 gnolls (D:3)
  3 adders
  A worm (D:2)
  4 orcs (D:3)
  5 bats
  9 endoplasms
  A goblin (D:1)
  2 hobgoblins
  10 quokkas
  10 ball pythons
  2 frilled lizards (D:1)
  7 kobolds
  4 rats (D:1)
  A spectral goblin (D:2)
65 creatures vanquished.

Vanquished Creatures (others)
  70 foxfires (D:1)
  5 plants (D:3)
75 creatures vanquished.

Grand Total: 140 creatures vanquished

Notes
Turn   | Place    | Note
-------+----------+-------------------------------------------
     0 | D:1      | Zeld the Deep Elf Fire Elementalist began the quest for the
                  | Orb.
     0 | D:1      | Reached XP level 1. HP: 10/10 MP: 6/6
   342 | D:1      | Reached XP level 2. HP: 15/15 MP: 5/8
   379 | D:1      | Learned a level 2 spell: Scorch
  1315 | D:1      | Reached XP level 3. HP: 19/19 MP: 7/10
  1319 | D:1      | Learned a level 3 spell: Inner Flame
  1633 | D:2      | Noticed Sigmund
  2018 | D:2      | Killed Sigmund
  2019 | D:2      | Reached skill level 1 in Hexes
  2019 | D:2      | Reached XP level 4. HP: 24/24 MP: 4/12
  2019 | D:2      | Reached XP level 5. HP: 28/28 MP: 4/14
  2337 | D:2      | Reached skill level 5 in Spellcasting
  2811 | D:2      | Found a faded altar of an unknown god.
  3160 | D:3      | Found a stormy altar of Qazlal.
  3344 | D:3      | Learned a level 3 spell: Mephitic Cloud
  3349 | D:3      | Learned a level 4 spell: Flame Wave
  3682 | D:3      | Reached XP level 6. HP: 28/32 MP: 6/15
  3920 | D:3      | Found a hazy altar of Hepliaklqana.
  3921 | D:3      | Found a burning altar of Makhleb.
  3921 | D:3      | Found an opulent altar of Gozag.
  3921 | D:3      | Found a glowing golden altar of the Shining One.
  3922 | D:3      | Found a hide-covered altar of Uskayaw.
  3922 | D:3      | Found an ornate altar of the Wu Jian Council.
  3924 | D:3      | Found a broken altar of Ashenzari.
  3924 | D:3      | Found a shadowy altar of Dithmenos.
  3924 | D:3      | Found a blossoming altar of Fedhas.
  4402 | D:3      | Reached skill level 5 in Fire Magic
  4492 | D:4      | Slain by a wyvern skeleton

Illustrated notes

Levels and vault maps discovered:
D:1:      lightli_arrival_lavapool, layout_basic, minmay_vboxes
D:2:      layout_loops_ring, dreamdust_ecumenical_altar_drowned_temple,
          uniq_sigmund
D:3:      wad_woods_stonehenge, layout_basic, nicolae_overflows_in_rows
D:4:      layout_loops_ring

Skill      XL: |  1  2  3  4  5  6 |
---------------+-------------------+-----
Dodging        | 3 |  3.8
Spellcasting   | 4 5 |  5.4
Conjurations   | 2 |  2.8
Hexes          | 1 2 |  2.3
Fire Magic     | 4 5 |  5.0
Stealth        | |  2.4

Action                   |  1- 3 |  4- 6 || total
-------------------------+-------+-------++-------
Melee: Unarmed           |    11 |    10 ||    21
 Cast: Foxfire           |    44 |       ||    44
       Scorch            |    21 |    50 ||    71
Armor: Robe              |     8 |     8 ||    16
Dodge: Dodged            |    28 |    22 ||    50
